 Dungeon Crawl Stone Soup version 0.29.0-7-g18a832c13a (webtiles) character file.

Game seed: 17120789487848401244

2 themarg the Ducker (level 1, -1/17 HPs)
             Began as a Gnoll Wanderer on Aug 31, 2022.
             Slain by a goblin
             ... wielding a +0 dagger
              (2 damage)
             ... on level 1 of the Dungeon.
             The game lasted 00:00:39 (20 turns).

themarg the Ducker (Gnoll Wanderer)                   Turns: 20, Time: 00:00:40

Health: -1/17      AC:  3    Str: 13    XL:     1   Next: 30%
Magic:  4/4        EV: 10    Int:  8    God:
Gold:   0          SH:  0    Dex: 12    Spells: 5/5 levels left

rFire   . . .      SeeInvis .   a - +0 mace
rCold   . . .      Faith    .   (no shield)
rNeg    . . .      Spirit   .   c - +0 leather armour
rPois   .          Reflect  .   (no helmet)
rElec   .          Harm     .   (no cloak)
rCorr   .          Rampage  .   (no gloves)
Will    .....                   (no boots)
Stlth   +.........              (no amulet)
HPRegen 0.05/turn               (no ring)
MPRegen 0.09/turn               (no ring)

@: constricted
A: fangs 1, strong nose, distributed training
a: no special abilities


You were on level 1 of the Dungeon.
You visited 1 branch of the dungeon, and saw 1 of its levels.

Inventory:

Hand Weapons
 a - a +0 mace (weapon)
 e - a +0 dagger
Missiles
 b - 4 throwing nets (quivered)
 d - 12 poisoned darts
Armour
 c - a +0 leather armour (worn)
Scrolls
 f - a scroll of fear


   Skills:
 + Level 2.3 Fighting
 + Level 0.0 Short Blades
 + Level 0.0 Long Blades
 + Level 0.0 Axes
 + Level 6.4 Maces & Flails
 + Level 0.0 Polearms
 + Level 0.0 Staves
 + Level 0.0 Ranged Weapons
 + Level 2.3 Throwing
 + Level 0.0 Armour
 + Level 6.4 Dodging
 + Level 0.0 Stealth
 + Level 0.0 Shields
 + Level 0.0 Unarmed Combat
 + Level 2.6 Spellcasting
 + Level 0.0 Conjurations
 + Level 0.0 Hexes
 + Level 0.0 Summonings
 + Level 0.0 Necromancy
 + Level 0.0 Translocations
 + Level 0.0 Transmutations
 + Level 0.0 Fire Magic
 + Level 0.0 Ice Magic
 + Level 0.0 Air Magic
 + Level 0.0 Earth Magic
 + Level 0.0 Poison Magic
 + Level 0.1 Invocations
 + Level 2.3 Evocations


You had 5 spell levels left.
You didn't know any spells.
Your spell library was empty.

Dungeon Overview and Level Annotations

Branches:
Dungeon (1/15)

Altars:


Innate Abilities, Weirdness & Mutations

You have very sharp teeth.
Your uncanny sense of smell can sniff out nearby items.
Your experience applies equally to all skills.


Message History

The goblin hits you but does no damage. The rat barely misses you.
You hit the ball python.
The ball python is severely wounded.
The bat hits you but does no damage. The ball python closely misses you.
The ball python bites you. The ball python constricts you.
The goblin hits you with a +0 dagger. The rat barely misses you.
The ball python closely misses you.
You closely miss the ball python.
The ball python is severely wounded.
The bat hits you but does no damage.
The ball python bites you but does no damage.
The ball python constricts you. The goblin hits you but does no damage.
The rat bites you. The ball python closely misses you.
The ball python bites you. The ball python constricts you.
You thump the ball python!
You kill the ball python!
The bat completely misses you. The bat closely misses you.
The rat barely misses you. The ball python barely misses you.
The ball python closely misses you.
You closely miss the goblin. The bat barely misses you.
The ball python bites you but does no damage.
The ball python completely misses you. The goblin hits you but does no damage.
The rat closely misses you. The goblin misses you. The ball python misses you.
The ball python grabs you. The ball python constricts you.
You closely miss the goblin. You bite the goblin.
The goblin is heavily wounded.
The bat barely misses you. The goblin barely misses you.
The rat closely misses you. The goblin hits you with a +0 club.
The ball python bites you but does no damage.
The ball python constricts you.
You closely miss the ball python. The bat barely misses you.
The goblin barely misses you. The bat hits you but does no damage.
The rat barely misses you. The goblin hits you with a +0 club.
* * * LOW HITPOINT WARNING * * *
The ball python barely misses you. The ball python constricts you.
* * * LOW HITPOINT WARNING * * *
The goblin hits you with a +0 club.
* * * LOW HITPOINT WARNING * * *
The goblin hits you with a +0 dagger.
You die...

## #. .. #
###.###.#
##.......#
##.......##
#.........#
#.#
#.$b@g..$.#
######.##
#..rgS....#
#~~~~♣~♣~
#.........#
#~..P...P
∆.......[...#


#~.PPP.PP #...........## #~..P...P ..$..........###♣♣......
#.##.................<.. .. ##........###♣♣...... #~..♣...P You could see 2
goblins, a bat, a ball python and a rat.

Vanquished Creatures
  2 ball pythons (D:1)
  A goblin (D:1)
3 creatures vanquished.

Notes
Turn   | Place    | Note
-------+----------+-------------------------------------------
     0 | D:1      | themarg the Gnoll Wanderer began the quest for the Orb.
     0 | D:1      | themarg set off with the following items: a +0 mace, 4
                  | throwing nets, a +0 leather armour, 12 poisoned darts, a +0
                  | dagger, a scroll of fear.
     0 | D:1      | Reached XP level 1. HP: 17/17 MP: 4/4
    20 | D:1      | Slain by a goblin

Illustrated notes

Levels and vault maps discovered:
D:1:      ldierk_walled_garden, layout_rooms,
          hellmonk_ecumenical_altar_crossroads, serial_aquarium,
          aquarium_bridge_square [aquarium_subvault_bridge,
          aquarium_subvault_window, aquarium_subvault_bridge,
          aquarium_subvault_wall], aquarium_window_1, aquarium_window_fake,
          aquarium_window_fake, aquarium_view_2a, aquarium_view_2c,
          aquarium_pool_1, minmay_misc_feat_iff, corexii_corridor_pit

Action                   || total
-------------------------++-------
Melee: Mace              ||    13
       Bite              ||     2
Armor: Leather armour    ||    17
Dodge: Dodged            ||    43
